 Dungeon Crawl Stone Soup version 0.27-a0-1065-ge809cff456 (webtiles) character file.

Game seed: 16459754692609345875

11 Anon1729 the Skirmisher (level 2, -1/24 HPs)
             Began as a Demonspawn Berserker on Apr 23, 2021.
             Was a Follower of Trog.
             Slain by a kobold
             ... wielding a +0 dagger
              (2 damage)
             ... while paralysed
             ... on level 1 of the Dungeon.
             The game lasted 00:00:28 (257 turns).

Anon1729 the Skirmisher (Demonspawn Berserker)       Turns: 257, Time: 00:00:28

Health: -1/24      AC:  2    Str: 17    XL:     2   Next: 13%
Magic:  2/2        EV:  2    Int:  8    God:    Trog [*.....]
Gold:   0          SH:  0    Dex: 12    Spells: 1/1 levels left

rFire    . . .     SeeInvis .   a - +0 hand axe
rCold    . . .     Faith    .   (no shield)
rNeg     . . .     Spirit   .   b - +0 animal skin
rPois    .         Reflect  .   (no helmet)
rElec    .         Harm     .   (no cloak)
rCorr    .         Rampage  .   (no gloves)
Will     .....                  (no boots)
Stlth    +.........             (no amulet)
HPRegen  0.08/turn              (no ring)
MPRegen  0.08/turn              (no ring)

@: paralysed, on berserk cooldown, slowed
A: powered by pain 1
a: Renounce Religion, Berserk


You were on level 1 of the Dungeon.
You worshipped Trog.
Trog was aware of your devotion.
You visited 1 branch of the dungeon, and saw 1 of its levels.

Inventory:

Hand Weapons
 a - a +0 hand axe (weapon)
Armour
 b - a +0 animal skin (worn)


   Skills:
 + Level 3.1 Fighting
 + Level 2.8 Axes
 + Level 2.0 Armour
 + Level 2.0 Dodging


You had one spell level left.
You didn't know any spells.
Your spell library was empty.

Dungeon Overview and Level Annotations

Branches:
Dungeon (1/15)

Altars:


Innate Abilities, Weirdness & Mutations

You sometimes gain a little power by taking damage.


Message History

The jackal is heavily wounded.
The jackal barely misses you.
You closely miss the jackal.
The jackal is heavily wounded.
The jackal bites you.
* * * LOW HITPOINT WARNING * * *
You hit the jackal.
The jackal is severely wounded.
The jackal bites you but does no damage.
You slash the jackal!
You kill the jackal!
Trog accepts your kill.
You slash the ball python!
You kill the ball python!
Trog accepts your kill.
Your Armour skill increases to level 2!
Your Dodging skill increases to level 2!
You have reached level 2!
Your demonic ancestry asserts itself...
You feel energised by your suffering.
You barely miss the jackal. The jackal completely misses you.
You closely miss the jackal. The jackal completely misses you.
You hit the jackal.
You kill the jackal!
Trog accepts your kill.
You closely miss the jackal. The jackal bites you.
* * * LOW HITPOINT WARNING * * *
You slash the jackal!
You kill the jackal!
Trog accepts your kill.
You are too berserk!
You are too berserk!
Unknown command.
You barely miss the kobold. The kobold hits you with a +0 dagger.
* * * LOW HITPOINT WARNING * * *
You closely miss the kobold.
You are no longer berserk.
You pass out from exhaustion.
You feel yourself slow down. The kobold hits you with a +0 dagger.
You die...

........$# #+# .........#
#######.# .........#
........# .........#
........##### .......g.+
............. .!.......#
........#####
.......#.##############.#####
#......hggK@................
#.....#######...........####
#..... #.#########.# #.....
#......# #.# #.....
#####..###.# #.# #...:.
#.....^# #.# #.# .......
#.####.###.# #.# ######. #.#
#.#...# #.# #.# #.#.### #.#


You could see a jackal, 2 hobgoblins and a kobold.

Vanquished Creatures
  A ball python (D:1)
  6 jackals (D:1)
  A frilled lizard (D:1)
  A rat (D:1)
9 creatures vanquished.

Notes
Turn   | Place    | Note
-------+----------+-------------------------------------------
     0 | D:1      | Anon1729 the Demonspawn Berserker began the quest for the
                  | Orb.
     0 | D:1      | Reached XP level 1. HP: 18/18 MP: 1/1
   250 | D:1      | Gained mutation: You sometimes gain a little power by
                  | taking damage. [demonic ancestry]
   250 | D:1      | Reached XP level 2. HP: 4/24 MP: 2/2
   256 | D:1      | HP: 1/36 [kobold/+0 dagger (2)]
   257 | D:1      | Slain by a kobold

Illustrated notes

Levels and vault maps discovered:
D:1:      saegor_arrival_miasma, layout_basic

Skill      XL: |  1 |
---------------+----+-----
Armour         | 2 |  2.0
Dodging        | 2 |  2.0
Fighting       | |  3.1
Axes           | |  2.8

Action                   || total
-------------------------++-------
Melee: Hand axe          ||    30
Invok: Berserk           ||     1
Armor: Animal skin       ||     4
Dodge: Dodged            ||    28

Table legend: (Time is in decaauts)
 A = Elapsed time spent in this place.
 B = Non-inter-level travel time spent in this place.
 C = Inter-level travel time spent in this place.
 D = Time resting spent in this place.
 E = Time spent auto-exploring this place.
 F = Levels seen in this place.
 G = Mean time per level.
                   A        B        C        D        E       F      G
               +--------+--------+--------+--------+--------+-----+--------+
         Total |    257 |    257 |      0 |      0 |    210 |   1 |  257.0 |
       Dungeon |    257 |    257 |      0 |      0 |    210 |   1 |  257.0 |
               +--------+--------+--------+--------+--------+-----+--------+

Top non-repeatable levels by time:
     D:1: 257 daAuts
